Map: Emerald City CE

Players

WarpigxxxL - Winner!

  • Race: Zerg Zerg
  • Spawn Location: 5:00

xBenx - Winner!

  • Race: Zerg Zerg
  • League: Gold
  • Spawn Location: 5:00

punanitapper

  • Race: Zerg Zerg
  • Spawn Location: 11:00

AimTagLe

  • Race: Protoss Protoss
  • Spawn Location: 11:00

VOD

Have the link to the VOD?

Description

xBenx, WarpigxxxL vs AimTagLe, punanitapper

Time

  • Played on: April 2, 2024, 8:29 p.m.
  • Length: 21:25
Show
View Real Time Build Order
Export as new Build Order

WarpigxxxL Zerg - Winner!

Build Orders: Hatch First 

Get SALT Encoding   

  12  0:04  Drone  
  13  0:09  Drone  
  14  0:17  Overlord  
  14  0:45  Hatchery  
  14  0:46  Drone  
  14  0:58  Drone x3  
  17  1:05  Extractor  
  16  1:18  Spawning Pool  
  16  1:20  Drone  
  16  1:26  Drone  
  17  1:32  Drone  
  18  1:50  Drone  
  19  1:55  Overlord  
  19  2:09  Drone x3, Spine Crawler  
  21  2:18  Drone  
  21  2:19  Drone  
  21  2:20  Roach Warren  
  22  2:28  Zergling x2  
  23  2:33  Zergling x2  
  24  2:39  Zergling x2  
  25  2:49  Zergling x4  
  26  3:01  Roach x2  
  26  3:03  Queen  
  26  3:05  Roach  
  34  3:13  Roach  
  34  3:14  Overlord  
  36  3:25  Overlord x2  
  31  3:50  Roach x4  
  31  3:52  Roach  
  36  4:06  Roach x2  
  36  4:07  Roach  
  42  4:22  Roach x2  
  46  4:36  Roach x2  
  49  4:50  Drone x3  
  52  5:04  Hatchery  
  49  5:22  Roach  
  49  5:23  Overlord x4  
  49  5:24  Overlord  
  49  5:30  Zergling x2, Roach  
  50  5:39  Roach  
  50  5:41  Overlord  
  48  5:55  Roach x2  
  48  5:56  Roach x2  
  56  6:17  Roach x2  
  56  6:18  Roach x3  
  66  6:21  Drone  
  66  6:22  Drone  
  68  6:30  Ravager  
  69  6:39  Drone x3, Extractor  
  71  6:45  Drone x4  
  75  6:59  Ravager  
  76  7:07  Roach x2  
  80  7:16  Drone x2  
  80  7:17  Drone x3  
  85  7:34  Lair  
  85  7:45  Hatchery  
  81  8:08  Roach x3  
  81  8:09  Roach x5  
  81  8:10  Zergling x2  
  98  8:34  Roach x2  
  98  8:35  Roach x2  
  106  8:43  Overlord x3  
  106  8:44  Overlord x2  
  106  8:53  Overlord x2  
  106  8:54  Overlord  
  95  9:29  Roach x6  
  95  9:30  Roach x6  
  108  9:39  Drone  
  108  9:40  Drone x2  
  107  9:59  Roach x6  
  119  10:21  Ravager x2  
  121  10:28  Hatchery  
  120  10:35  Drone x6  
  125  10:36  Drone x5  
  129  10:54  Roach x4  
  129  10:55  Roach x2  
  136  11:12  Spore Crawler x3  
  136  11:13  Spore Crawler x2  
  136  11:14  Spore Crawler x2  
  136  11:15  Spore Crawler  
  136  11:18  Overlord  
  124  11:19  Overlord x2  
  13  13:07  Spawning Pool  
  13  13:12  Evolution Chamber  
  11  13:17  Drone x6  
  17  13:26  Drone  
  17  13:27  Drone x2  
  20  13:31  Drone x2  
  21  13:41  Drone  
  8  13:52  Drone x4  
  10  14:02  Zergling x8, Baneling Nest  
  12  14:35  Zergling x6  
  12  14:36  Zergling x12  
  20  14:51  Zergling x6  
  21  15:01  Zergling x6  
  17  15:17  Zergling x4  
  18  15:23  Zergling x4  
  15  15:28  Baneling  
  14  15:39  Baneling x3  
  14  15:40  Baneling x8  
  14  15:41  Baneling x2  
  13  15:49  Baneling x2  
  12  15:57  Baneling  
  12  15:58  Baneling  
  12  16:01  Baneling  
  12  16:02  Baneling  
  1  16:48  Hatchery  
Show
View Real Time Build Order
Export as new Build Order

xBenx Zerg - Winner!

Build Orders: Hatch First 

Get SALT Encoding   

  12  0:02  Drone  
  13  0:13  Overlord  
  13  0:25  Drone  
  14  0:30  Extractor, Drone  
  14  0:35  Drone  
  15  0:55  Drone  
  16  1:01  Hatchery  
  15  1:07  Drone x2  
  17  1:17  Drone  
  18  1:37  Spawning Pool  
  17  1:45  Drone x2  
  19  2:10  Drone  
  19  2:11  Overlord  
  19  2:12  Overlord  
  19  2:13  Drone  
  21  2:28  Zergling x4  
  23  2:34  Queen x2  
  23  2:36  Zergling x4  
  29  3:05  Zergling x8  
  32  3:06  Zergling x2  
  32  3:07  Drone  
  35  3:12  Spine Crawler  
  35  3:19  Lair  
  34  3:20  Zergling x4  
  36  3:27  Metabolic Boost  
  36  3:30  Drone  
  36  3:31  Drone, Extractor  
  35  4:01  Drone x4  
  37  4:20  Infestation Pit  
  34  4:35  Hatchery  
  28  4:52  Drone x3  
  31  4:53  Drone x2  
  33  5:00  Extractor, Hive  
  32  5:14  Spore Crawler  
  31  5:18  Spore Crawler  
  30  5:24  Drone x3  
  30  5:25  Drone x4  
  30  5:26  Overlord x2  
  30  5:28  Infestor  
  39  5:35  Zergling x6  
  42  5:45  Zergling x6  
  45  5:52  Drone x3  
  48  6:13  Drone x3, Queen  
  48  6:16  Spine Crawler  
  48  6:17  Extractor  
  51  6:20  Evolution Chamber  
  51  6:24  Ultralisk Cavern  
  49  6:32  Spine Crawler  
  48  6:33  Drone x3, Queen  
  48  6:34  Drone  
  48  6:35  Drone x6  
  60  6:47  Overlord  
  60  6:48  Overseer  
  60  6:52  Zerg Ground Armor Level 1  
  60  6:59  Evolution Chamber  
  59  7:13  Chitinous Plating  
  59  7:21  Nydus Network  
  58  7:27  Drone x2  
  60  7:32  Extractor  
  60  7:34  Drone  
  60  7:35  Spore Crawler  
  60  7:36  Spine Crawler  
  58  7:39  Drone x4  
  62  7:52  Ultralisk x2, Hatchery  
  62  7:57  Overlord x2  
  73  8:15  Pneumatized Carapace  
  73  8:17  Queen x2  
  73  8:19  Drone x3  
  80  8:20  Drone x3  
  80  8:22  Drone  
  80  8:24  Extractor  
  83  8:31  Ultralisk  
  89  8:38  Overlord  
  89  8:39  Overlord  
  89  8:43  Drone  
  89  8:47  Overlord x3  
  90  9:03  Nydus Canal  
  90  9:07  Zergling x2  
  90  9:08  Zergling x10, Ultralisk  
  102  9:22  Nydus Canal  
  93  9:47  Nydus Canal  
  91  9:54  Drone x4  
  91  9:55  Drone x4  
  88  10:27  Burrow  
  86  10:39  Hatchery  
  86  10:40  Extractor  
  86  10:41  Extractor  
  78  11:03  Spawning Pool  
  72  11:19  Hatchery  
  71  11:26  Hatchery  
  70  11:34  Hatchery  
  69  11:40  Hatchery  
  69  11:42  Overlord x3  
  69  11:43  Overlord x4  
  69  11:46  Overlord x3  
  68  11:53  Spore Crawler, Overlord  
  68  11:54  Overlord x3  
  67  12:28  Drone  
  67  12:29  Drone x2  
  69  12:32  Queen  
  69  12:33  Spawning Pool  
  69  12:36  Spore Crawler  
  69  12:37  Spore Crawler  
  56  12:47  Zergling x10  
  56  12:48  Zergling x22  
  72  13:04  Spore Crawler  
  71  13:06  Spore Crawler  
  54  13:23  Drone  
  54  13:24  Drone x2  
  57  13:31  Spore Crawler x2  
  57  13:33  Spore Crawler  
  54  13:34  Spore Crawler  
  54  13:35  Spore Crawler  
  54  13:36  Spore Crawler x2, Queen  
  54  13:37  Spore Crawler  
  54  13:39  Zergling x6  
  54  13:40  Spore Crawler  
  53  13:46  Drone x3  
  53  13:48  Drone x3  
  58  13:53  Drone x3  
  58  13:54  Drone x2  
  58  13:55  Drone  
  62  14:01  Spore Crawler  
  43  14:40  Queen  
  34  14:54  Drone x3  
  34  14:55  Spore Crawler, Queen  
  34  14:57  Queen  
  34  14:58  Drone x3  
  36  15:27  Spore Crawler x4  
  32  15:33  Queen  
  32  15:42  Drone x2  
  34  15:43  Drone x6  
  34  15:49  Drone x3  
  43  15:51  Zergling x2  
  43  15:52  Zergling x18  
  53  16:06  Drone  
  53  16:08  Drone, Queen  
  57  16:15  Evolution Chamber  
  56  16:21  Spawning Pool  
  51  16:25  Drone  
  49  16:40  Drone  
  49  16:41  Drone x2, Spawning Pool  
  40  16:58  Drone x3  
  40  16:59  Hatchery  
  42  17:03  Drone x2  
  44  17:13  Spore Crawler  
  43  17:17  Hatchery  
  43  17:20  Zergling x2  
  43  17:21  Zergling x26  
  47  17:30  Hatchery  
  47  17:31  Spore Crawler  
  45  17:42  Baneling Nest  
  44  17:54  Queen  
  44  17:56  Drone x3  
  49  18:04  Drone x3  
  52  18:08  Zerg Melee Weapons Level 1  
  52  18:09  Drone x2  
  52  18:12  Spore Crawler x2  
  52  18:13  Spore Crawler  
  52  18:14  Spore Crawler  
  52  18:17  Spore Crawler x2  
  46  18:37  Zergling x2, Drone  
  46  18:38  Zergling x14  
  50  18:41  Drone  
  43  18:49  Drone  
  43  18:55  Drone, Spore Crawler  
  42  18:59  Baneling x4  
  42  19:00  Baneling x6  
  42  19:01  Zergling x4  
  42  19:02  Zergling x2  
  44  19:09  Drone x3  
  45  19:29  Drone x3  
  48  19:33  Spore Crawler  
  47  19:39  Drone x15  
  40  19:53  Drone x2  
  42  20:02  Drone x2  
  42  20:03  Zergling x10  
  49  20:11  Drone  
  50  20:55  Drone x3  
  53  20:59  Extractor, Spawning Pool  
  51  21:02  Hatchery  
  51  21:05  Extractor  
Show
View Real Time Build Order
Export as new Build Order

punanitapper Zerg 

Build Orders: Pool First 

Get SALT Encoding   

  12  0:02  Drone  
  13  0:11  Drone  
  14  0:28  Spawning Pool  
  13  0:35  Drone  
  14  0:40  Extractor  
  14  0:41  Drone, Extractor  
  13  0:44  Drone  
  14  0:54  Overlord  
  16  1:15  Hatchery  
  15  1:19  Drone  
  15  1:21  Drone  
  15  1:24  Drone  
  18  1:35  Queen  
  20  1:41  Drone  
  20  1:42  Drone  
  22  1:51  Overlord  
  22  1:56  Extractor  
  22  1:58  Extractor  
  20  2:07  Drone  
  21  2:15  Queen  
  23  2:21  Drone  
  24  2:28  Drone  
  25  2:36  Queen  
  25  2:42  Drone  
  25  2:43  Drone  
  29  2:46  Drone  
  30  2:57  Lair  
  30  3:00  Drone x2  
  30  3:03  Drone  
  33  3:08  Drone x2  
  33  3:11  Overlord  
  35  3:29  Drone  
  35  3:30  Drone  
  37  3:39  Zergling x4  
  39  4:04  Spine Crawler  
  39  4:08  Spine Crawler  
  37  4:13  Spine Crawler  
  37  4:14  Spine Crawler  
  35  4:17  Spine Crawler  
  35  4:19  Drone x3  
  35  4:20  Drone x3  
  38  4:43  Drone  
  38  5:01  Spine Crawler  
  38  5:03  Spine Crawler  
  32  5:14  Zergling x2  
  32  5:15  Zergling x22  
  44  5:30  Overlord x5  
  43  5:38  Metabolic Boost  
  34  6:09  Hydralisk Den  
  33  6:31  Spire  
  32  7:13  Drone x4  
  32  7:15  Drone  
  37  7:34  Pneumatized Carapace  
  37  7:43  Hatchery  
  37  8:11  Mutalisk  
  39  8:20  Mutalisk  
  39  8:22  Mutalisk  
  43  8:28  Mutalisk  
  41  9:28  Mutalisk  
  41  9:29  Mutalisk x2  
  40  9:33  Zergling x2  
  40  9:34  Zergling x16  
  17  10:14  Drone  
  17  10:15  Drone x5  
Show
View Real Time Build Order
Export as new Build Order

AimTagLe Protoss 

Build Orders: Nexus First, Carriers 

Get SALT Encoding   

  12  0:07  Probe  
  13  0:19  Probe  
  14  0:29  Pylon  
  14  0:31  Probe  
  15  1:01  Nexus  
  15  1:11  Forge  
  15  1:14  Probe  
  16  1:23  Pylon  
  16  1:37  Gateway  
  16  1:49  Pylon  
  16  1:56  Photon Cannon  
  16  2:02  Photon Cannon  
  16  2:14  Gateway  
  16  2:29  Probe  
  17  2:37  Probe  
  17  2:41  Probe  
  19  2:53  Probe  
  19  2:55  Photon Cannon  
  19  2:57  Photon Cannon  
  20  3:04  Pylon  
  20  3:07  Assimilator, Probe  
  21  3:16  Pylon  
  21  3:26  Probe (Chrono Boost)  
  22  3:35  Probe (Chrono Boost)  
  22  3:40  Probe (Chrono Boost)  
  22  3:41  Photon Cannon  
  23  3:46  Photon Cannon  
  24  3:49  Pylon  
  24  3:51  Photon Cannon  
  24  3:52  Probe  
  25  4:04  Photon Cannon, Probe  
  25  4:08  Photon Cannon  
  25  4:09  Photon Cannon  
  26  4:14  Photon Cannon  
  26  4:23  Assimilator  
  26  4:26  Assimilator  
  26  4:30  Assimilator, Probe (Chrono Boost)  
  27  4:40  Probe (Chrono Boost)  
  27  4:42  Photon Cannon  
  29  4:45  Probe (Chrono Boost)  
  29  4:49  Probe (Chrono Boost)  
  29  4:52  Photon Cannon  
  30  4:55  Probe (Chrono Boost)  
  30  4:58  Probe (Chrono Boost)  
  32  5:00  Probe (Chrono Boost)  
  33  5:07  Cybernetics Core  
  33  5:08  Probe  
  33  5:12  Probe  
  35  5:14  Cybernetics Core  
  35  5:28  Pylon  
  35  5:49  Photon Cannon  
  35  5:56  Photon Cannon  
  35  6:10  Stargate  
  34  6:14  Pylon  
  34  6:15  Pylon  
  34  6:17  Pylon  
  34  6:20  Pylon  
  34  6:22  Pylon  
  34  6:24  Pylon  
  34  6:25  Pylon  
  34  6:40  Cybernetics Core  
  34  6:45  Protoss Air Weapons Level 1 (Chrono Boost), Stargate  
  34  6:46  Stargate  
  34  6:49  Stargate  
  34  6:50  Stargate  
  34  6:53  Stargate  
  34  6:59  Fleet Beacon  
  34  7:31  Nexus  
  34  7:44  Probe  
  35  7:47  Nexus  
  35  7:49  Carrier x2  
  35  7:50  Carrier  
  53  7:55  Carrier  
  53  7:56  Probe  
  60  8:08  Probe  
  60  8:11  Pylon  
  60  8:12  Pylon  
  61  8:14  Pylon  
  61  8:15  Pylon  
  61  8:17  Protoss Air Armor Level 1 (Chrono Boost), Pylon  
  61  8:19  Pylon  
  61  8:20  Probe  
  62  8:32  Probe  
  62  8:54  Carrier  
  68  9:18  Carrier  
  59  9:39  Carrier  
  62  10:22  Carrier  
  68  10:55  Carrier  
  64  12:52  Nexus  
  64  13:23  Pylon  
  64  13:24  Pylon  
  64  13:25  Pylon  
  63  15:34  Nexus  
Tags
 
Add a new tag
Caveats
  • Supply blocks, unpowered buildings, or Contaminate may cause inaccurate times.
  • Supply counts are checked every 10 seconds.